 Dungeon Crawl Stone Soup version 0.21-a0-264-g3e31e41 (webtiles) character file.

10749 Veritae the Unseen (level 11, -1/55 HPs)
             Began as a Spriggan Enchanter on Sept 10, 2017.
             Was an Elder of Dithmenos.
             Killed by divine providence
             ... invoked by a meliai
              (14 damage)
             ... on level 11 of the Dungeon.
             The game lasted 00:32:22 (15838 turns).

Veritae the Unseen (Spriggan Enchanter)            Turns: 15838, Time: 00:32:23

Health: -1/55      AC:  2    Str: 11    XL:     11   Next: 40%
Magic:  19/25      EV: 29    Int: 17    God:    Dithmenos [****..]
Gold:   194        SH:  0    Dex: 27    Spells: 16/28 levels left

rFire    + . .     SeeInvis +   s - +3 dagger (venom)
rCold    . . .     Gourm    .   (shield restricted)
rNeg     . . .     Faith    .   b - +0 robe
rPois    .         Spirit   .   (helmet restricted)
rElec    .         Reflect  .   (no cloak)
rCorr    .         Harm     .   (gloves unavailable)
MR       +....     Clarity  +   (boots unavailable)
Stlth    ++++++++++             (no amulet)
HPRegen  0.18/turn              e - +5 ring of strength
MPRegen  0.19/turn              r - ring of Ucwawnisk {Fire Dex+7}

@: wreathed by umbra, very quick
A: unfitting armour, thin skeletal structure 1, see invisible, clarity, cold
resistance 1, herbivore 3, speed 3, slow metabolism 2
a: Shadow Step, Renounce Religion


You were on level 11 of the Dungeon.
You worshipped Dithmenos.
Dithmenos was greatly pleased with you.
You were full.

You visited 2 branches of the dungeon, and saw 12 of its levels.

You collected 580 gold pieces.
You spent 386 gold pieces at shops.

Inventory:

Hand Weapons
 a - a +3 dagger
 s - a +3 dagger of venom (weapon)
 C - a +1 dagger of pain
Missiles
 w - a throwing net (quivered)
Armour
 b - a +0 robe (worn)
Jewellery
 e - a +5 ring of strength (left hand)
 r - the ring of Ucwawnisk (right hand) {Fire Dex+7}
   (You acquired it on level 9 of the Dungeon)

   [ring of fire]

   It enhances your fire magic.
   It affects your dexterity (+7).
   It protects you from fire.
   It makes you vulnerable to cold.
Wands
 h - a wand of lightning (5/15)
 p - a wand of lightning (10/15)
 u - a wand of paralysis (15/24)
 x - a wand of scattershot (5/9)
Scrolls
 c - 3 scrolls of magic mapping
 i - 5 scrolls of remove curse
 l - 4 scrolls of teleportation
 m - 3 scrolls of identify
 n - 2 scrolls of enchant armour
 t - a scroll of blinking
 y - 2 scrolls of fear
Potions
 f - 4 potions of brilliance
 g - a potion of agility
 j - 4 potions of curing
 k - 3 potions of heal wounds
 o - 3 potions of mutation
 q - a potion of might
 v - a potion of ambrosia
 z - a potion of lignification
 A - a potion of berserk rage
 B - a potion of cancellation
 D - a potion of flight
Comestibles
 d - 2 bread rations


   Skills:
 + Level 5.1 Fighting
 + Level 6.6 Short Blades
 + Level 9.4 Dodging
 + Level 15.3 Stealth
 - Level 1.0 Unarmed Combat
 + Level 9.3 Spellcasting
 + Level 9.5 Hexes


You had 16 spell levels left.
You knew the following spells:

 Your Spells              Type           Power        Failure   Level  Hunger
a - Ensorcelled Hibernat  Hex/Ice        ###...       1%          2    None
b - Corona                Hex            #####..      1%          1    None
c - Confuse               Hex            #####...     1%          3    None
d - Tukima's Dance        Hex            #####...     1%          3    None
e - Dazzling Spray        Conj/Hex       ###...       3%          3    None


Dungeon Overview and Level Annotations

Branches:
Dungeon (11/15)            Temple (1/1) D:4            Lair (0/6) D:11
    Orc (0/2) D:10

Altars:
Ashenzari
Cheibriados
Dithmenos
Elyvilon
Fedhas
Gozag
Hepliaklqana
Kikubaaqudgha
Makhleb
Nemelex Xobeh
Okawaru
Qazlal
Ru
Sif Muna
Trog
Uskayaw
Vehumet
Wu Jian
Xom
Yredelemnul
Zin
The Shining One
Lugonu

Shops:
D:5 ?   D:9 *   D:10 [(


Innate Abilities, Weirdness & Mutations

You are very small and have problems with some larger weapons.
You are too small for most types of armour.
You have supernaturally acute eyesight. (SInv)
You are a herbivore.
You cover ground extremely quickly.
You need consume almost no food.
You have a somewhat thin skeletal structure. (Dex +2, Stealth)
You possess an exceptional clarity of mind.
Your flesh is cold resistant. (rC+)


Message History

Confirm with . or Enter, or press ? or * to list all spells.
Aiming: Dazzling Spray
Press: ? - help, Shift-Dir - straight line, f - meliai
Aim: a meliai, wielding a war axe and wearing a robe (heavily wounded, poisoned, umbra)
The spray of energy misses the meliai. x2; The meliai closely misses you.
The meliai completely misses you.
The meliai mumbles some strange prayers to its god against you.
Something smites you!
* * * LOW HITPOINT WARNING * * *
Unknown command.
Casting: Dazzling Spray
Confirm with . or Enter, or press ? or * to list all spells.
Aiming: Dazzling Spray
Press: ? - help, Shift-Dir - straight line, f/p - meliai
Aim: a meliai, wielding a war axe and wearing a robe (severely wounded, poisoned, umbra)
The spray of energy misses the meliai.
The spray of energy hits the meliai.
The meliai is lightly wounded.
The meliai invokes the aid of its god against you.
Something smites you!
You die...

#..(# #)# ....#
#(#######
##..###)(.....#
#(..)(รท.....(#
#[..##.......####
#(#.##...(...##<#
#.#..........##y#
#.##........[##y#
#.##...########@#
#.##........# #.#
#.###..####.# #.#
#.#.(.># #.###)#
#)#.#### #...#.#
#.#. ###.#)# #
#.# #.#.##.# #.#
#.#)...# ...
#.#.####


You could see 2 meliai.

Vanquished Creatures
  2 two-headed ogres (D:9)
  Sonja (D:11)
  A cyclops (D:11)
  A rust devil (D:10)
  A gargoyle (D:11)
  A kobold demonologist (D:11)
  A troll (D:10)
  A meliai (D:11)
  Prince Ribbit (D:6)
  3 hippogriffs
  5 yaks (D:11)
  2 wyverns (D:11)
  A water moccasin (D:9)
  2 soldier ants
  An eye of draining (D:8)
  2 ice beasts
  3 orc warriors
  3 ogres
  A phantom (D:6)
  14 centaurs
  A crocodile (D:8)
  A big kobold (D:11)
  8 bullfrogs
  A wyvern skeleton (D:9)
  A water moccasin skeleton (D:7)
  A scorpion (D:8)
  6 killer bees
  5 howler monkeys
  5 crimson imps
  A bullfrog zombie (D:11)
  7 hounds
  A centaur zombie (D:7)
  2 orc priests (D:10)
  A jelly (D:9)
  6 iron imps (D:10)
  13 orc wizards
  4 iguanas
  9 worker ants
  3 worker ant zombies
  11 gnolls
  11 adders
  A shadow imp (D:8)
  An adder zombie (D:9)
  An adder skeleton (D:5)
  6 worms
  2 dart slugs
  8 leopard geckos
  37 orcs
  8 giant cockroaches
  8 goblins
  14 hobgoblins
  8 jackals
  7 quokkas
  11 bats
  6 frilled lizards
  7 kobolds
  5 rats
275 creatures vanquished.

Vanquished Creatures (collateral kills)
  A red devil (D:10)
  3 gnolls
4 creatures vanquished.

Vanquished Creatures (others)
  4 dancing weapons
4 creatures vanquished.

Grand Total: 283 creatures vanquished

Notes
Turn   | Place    | Note
-------+----------+-------------------------------------------
     0 | D:1      | Veritae the Spriggan Enchanter began the quest for the Orb.
     0 | D:1      | Reached XP level 1. HP: 9/9 MP: 5/5
   517 | D:1      | Reached XP level 2. HP: 8/13 MP: 4/7
   632 | D:1      | Learned a level 2 spell: Ensorcelled Hibernation
  1628 | D:2      | Reached XP level 3. HP: 16/16 MP: 3/9
  1712 | D:2      | Learned a level 3 spell: Confuse
  1716 | D:2      | Learned a level 3 spell: Tukima's Dance
  2843 | D:2      | Reached XP level 4. HP: 21/21 MP: 11/11
  2905 | D:2      | Gained mutation: Your body sometimes deteriorates upon taking damage. [potion of mutation]
  2905 | D:2      | Gained mutation: You have a pair of small antennae on your head. [potion of mutation]
  2905 | D:2      | Gained mutation: You are frail. (-10% HP) [potion of mutation]
  2905 | D:2      | Gained mutation: Your flesh is cold resistant. (rC+) [potion of mutation]
  3127 | D:2      | Reached skill level 1 in Unarmed Combat
  4068 | D:3      | Lost mutation: You have a pair of small antennae on your head. [potion of mutation]
  4068 | D:3      | Lost mutation: Your body sometimes deteriorates upon taking damage. [potion of mutation]
  4068 | D:3      | Lost mutation: You are frail. (-10% HP) [potion of mutation]
  4068 | D:3      | Lost mutation: Your flesh is cold resistant. (rC+) [potion of mutation]
  4068 | D:3      | Gained mutation: You possess an exceptional clarity of mind. [potion of mutation]
  4068 | D:3      | Gained mutation: You have a somewhat thin skeletal structure. (Dex +2, Stealth) [potion of mutation]
  4068 | D:3      | Gained mutation: Your flesh is cold resistant. (rC+) [potion of mutation]
  4078 | D:3      | Reached skill level 5 in Hexes
  4721 | D:4      | Noticed a bullfrog
  4735 | D:4      | Reached XP level 5. HP: 24/24 MP: 8/13
  4759 | D:4      | Reached skill level 5 in Spellcasting
  4957 | D:4      | Reached XP level 6. HP: 28/28 MP: 15/15
  4999 | D:4      | Reached skill level 5 in Stealth
  5256 | D:4      | Found a staircase to the Ecumenical Temple.
  5289 | Temple   | Entered the Ecumenical Temple
  5496 | Temple   | Became a worshipper of Dithmenos the Shadowed
  5527 | D:4      | Reached skill level 6 in Stealth
  5748 | D:4      | Reached skill level 7 in Stealth
  5837 | D:4      | Found a blossoming altar of Fedhas.
  6087 | D:4      | Learned a level 3 spell: Dazzling Spray
  6316 | D:4      | Reached skill level 8 in Stealth
  6325 | D:4      | Reached XP level 7. HP: 32/32 MP: 16/16
  6446 | D:4      | Found a hide-covered altar of Uskayaw.
  6447 | D:4      | Found an opulent altar of Gozag.
  6716 | D:5      | Entered Level 5 of the Dungeon
  7014 | D:5      | Found Niehimm's Magic Scroll Boutique.
  7020 | D:5      | Reached * piety under Dithmenos
  7020 | D:5      | Reached skill level 9 in Stealth
  7023 | D:5      | Bought a scroll of magic mapping for 49 gold pieces
  7023 | D:5      | Bought a scroll of magic mapping for 49 gold pieces
  7023 | D:5      | Bought a scroll of enchant armour for 105 gold pieces
  7159 | D:5      | Reached skill level 10 in Stealth
  7707 | D:6      | Reached skill level 11 in Stealth
  7823 | D:6      | Reached XP level 8. HP: 36/36 MP: 17/17
  7907 | D:6      | Noticed Prince Ribbit
  7916 | D:6      | Killed Prince Ribbit
  7916 | D:6      | Reached skill level 12 in Stealth
  8257 | D:6      | Found a stormy altar of Qazlal.
  8392 | D:7      | Reached skill level 13 in Stealth
  8449 | D:7      | Reached ** piety under Dithmenos
  8941 | D:7      | Reached skill level 1 in Fighting
  9433 | D:8      | Reached XP level 9. HP: 22/42 MP: 11/19
  9586 | D:8      | Reached skill level 5 in Dodging
  9611 | D:7      | HP: 2/42 [poisoned by a killer bee]
  9619 | D:7      | HP: 2/42 [poisoned by a killer bee]
 10911 | D:8      | Found a bloodstained altar of Trog.
 10972 | D:8      | Reached *** piety under Dithmenos
 11589 | D:9      | Reached skill level 14 in Stealth
 11603 | D:9      | Found Xusapeqa's Assorted Antiques.
 11611 | D:9      | Bought a scroll labeled URHYFAAMUSE for 27 gold pieces
 11611 | D:9      | Bought a murky purple potion for 24 gold pieces
 11611 | D:9      | Bought a viscous white potion for 24 gold pieces
 11614 | D:9      | Got a fine granite ring
 11615 | D:9      | Identified the ring of Ucwawnisk {Fire Dex+7} (You acquired it on level 9 of the Dungeon)
 11627 | D:9      | Bought a scroll of identify for 54 gold pieces
 11627 | D:9      | Bought a scroll of identify for 54 gold pieces
 11652 | D:9      | Noticed a two-headed ogre
 11659 | D:9      | Killed a two-headed ogre
 11659 | D:9      | Reached XP level 10. HP: 49/49 MP: 22/22
 11669 | D:9      | Found a sparkling altar of Nemelex Xobeh.
 11669 | D:9      | Found a radiant altar of Vehumet.
 11669 | D:9      | Found a deep blue altar of Sif Muna.
 11995 | D:9      | Noticed a two-headed ogre
 12014 | D:9      | Killed a two-headed ogre
 13332 | D:10     | Entered Level 10 of the Dungeon
 13335 | D:10     | Reached skill level 5 in Short Blades
 13359 | D:10     | Found a staircase to the Orcish Mines.
 13771 | D:10     | Found Gaer's Weapon Shop.
 13771 | D:10     | Found Caseng's Antique Armour Emporium.
 13861 | D:10     | Found a corrupted altar of Lugonu.
 13862 | D:10     | Noticed a rust devil
 14259 | D:10     | Reached **** piety under Dithmenos
 14489 | D:10     | Killed a rust devil
 14973 | D:11     | Found a staircase to the Lair.
 15146 | D:11     | Noticed a cyclops
 15147 | D:11     | Noticed Sonja
 15149 | D:11     | Noticed a gargoyle
 15171 | D:11     | Reached XP level 11. HP: 54/54 MP: 15/24
 15200 | D:11     | Reached skill level 15 in Stealth
 15259 | D:11     | Noticed a soul eater
 15264 | D:11     | Noticed a soul eater
 15558 | D:11     | Killed Sonja
 15558 | D:11     | Reached skill level 5 in Fighting
 15838 | D:11     | Killed from afar by a meliai

Vault maps used:
D:1:      elethiomel_arrival_maze, minivault_26
D:2:      patterned_corridor
D:4:      fedhas_altar_2, gammafunk_temple_overflow_pools,
          minmay_temple_entry_glass, first_bread
D:5:      serial_shops, shop
D:6:      nicolae_qazlal_eye_of_the_storm, uniq_prince_ribbit1
D:8:      overflow_temple_1_default
D:9:      gammafunk_temple_overflow_claw, serial_shops, shop
D:10:     erik_orc_3, serial_shops, shop_fountains,
          nicolae_shop_overgrown_old_shop, lemuel_hellish_altar
D:11:     lair_entry_dummy, uniq_sonja
Temple:   eino_narrow_crystal_temple

Skill      XL: |  1  2  3  4  5  6  7  8  9 10 11 |
---------------+----------------------------------+-----
Spellcasting   | 3 4 5 6 7 8 9 |  9.3
Hexes          | 4 5 6 8 9 |  9.5
Unarmed Combat | 1 |  1.0
Stealth        | 8 11 13 14 15 | 15.3
Short Blades   | 2 4 5 6 |  6.6
Fighting       | 1 3 4 5 |  5.1
Dodging        | 4 6 8 9 |  9.4

Action                   |  1- 3 |  4- 6 |  7- 9 | 10-12 || total
-------------------------+-------+-------+-------+-------++-------
Melee: Dagger            |   178 |   182 |   260 |   307 ||   927
       Punch             |       |       |     1 |     6 ||     7
 Cast: Corona            |     9 |     1 |       |       ||    10
       Ensorcelled Hiber |    13 |    29 |    45 |    18 ||   105
       Confuse           |     3 |     5 |    14 |    31 ||    53
       Tukima's Dance    |       |     5 |     3 |     3 ||    11
       Dazzling Spray    |       |       |     3 |     9 ||    12
  Use: Scroll            |    10 |     3 |    11 |     3 ||    27
       Potion            |       |     6 |     8 |     1 ||    15
 Stab: Sleeping          |    14 |    27 |    51 |    30 ||   122
       Confused          |       |     3 |     9 |     8 ||    20
       Distracted        |       |       |     1 |       ||     1
  Eat: Fruit             |     5 |       |     4 |       ||     9
       Royal jelly       |       |       |     2 |     1 ||     3
       Bread ration      |       |       |       |     1 ||     1
Armor: Robe              |    19 |    15 |     3 |     3 ||    40
Dodge: Dodged            |   162 |   143 |   197 |   262 ||   764

Table legend:
 A = Spawn XP
 B = Non-spawn XP
 C = Spawn XP percentage of total XP
 D = Spawn monster count
 E = Non-spawn monster count
 F = Spawn count percentage of total count
 G = Total turns spent on level
                    A         B        C        D         E        F      G
               +---------+---------+-------+---------+---------+-------+---------
         Total |       0 |   15356 |   0.0 |       0 |     279 |   0.0 | 15838
               +---------+---------+-------+---------+---------+-------+---------
           D:1 |       0 |      37 |   0.0 |       0 |      22 |   0.0 |  1623
           D:2 |       0 |      78 |   0.0 |       0 |      33 |   0.0 |  1864
           D:3 |       0 |      77 |   0.0 |       0 |      16 |   0.0 |  1234
           D:4 |       0 |     619 |   0.0 |       0 |      33 |   0.0 |  1772
           D:5 |       0 |     348 |   0.0 |       0 |      20 |   0.0 |   835
           D:6 |       0 |     675 |   0.0 |       0 |      12 |   0.0 |   808
           D:7 |       0 |     960 |   0.0 |       0 |      22 |   0.0 |  1535
           D:8 |       0 |    1891 |   0.0 |       0 |      34 |   0.0 |  1694
           D:9 |       0 |    2804 |   0.0 |       0 |      21 |   0.0 |  1744
          D:10 |       0 |    2163 |   0.0 |       0 |      29 |   0.0 |  1535
          D:11 |       0 |    5704 |   0.0 |       0 |      37 |   0.0 |   971
               +---------+---------+-------+---------+---------+-------+---------
